 Dungeon Crawl Stone Soup version 0.29.1-2-gbd0b4ee654 (webtiles) character file.

Game seed: 18424550072633456741

23468 sanboga the Blocker (level 13, 0/104 HPs)
             Began as a Gnoll Fighter on Nov 24, 2022.
             Was an Initiate of Gozag.
             Slain by a sun demon (16 damage)
             ... summoned by a kobold demonologist
             ... on level 12 of the Dungeon.
             The game lasted 00:24:20 (13132 turns).

sanboga the Blocker (Gnoll Fighter)                Turns: 13132, Time: 00:24:21

Health: 0/104      AC: 16    Str: 21    XL:     13   Next: 6%
Magic:  25/25      EV:  9    Int: 10    God:    Gozag
Gold:   1194       SH:  5    Dex: 12    Spells: 28/28 levels left

rFire   . . .      SeeInvis .   H - +6 battleaxe
rCold   + . .      Faith    .   (shield currently unavailable)
rNeg    . . .      Spirit   .   c - +1 plate armour
rPois   +          Reflect  +   (no helmet)
rElec   .          Harm     .   m - +0 cloak of Claustrophobia {Slay+2}
rCorr   .          Rampage  .   F - +0 pair of gloves
Will    .....                   D - +0 pair of boots
Stlth   ..........              L - amulet "Doelor" {Reflect Regen+ Int+3 SH+5}
HPRegen 1.07/turn               k - ring of Ironueti {rPois Slay+4}
MPRegen 0.19/turn               p - ring of Levity {Fly rC+ Slay+2}

@: corroded, gold aura, flying, studying Hexes
A: fangs 1, strong nose, distributed training
a: Renounce Religion, Potion Petition, Call Merchant, Bribe Branch


You were on level 12 of the Dungeon.
You worshipped Gozag.
Gozag was most pleased with you.
You visited 2 branches of the dungeon, and saw 13 of its levels.
You also visited: Bailey.

You collected 4366 gold pieces.
You spent 1845 gold pieces at shops.
You paid 1327 gold pieces to Gozag.

Inventory:

Hand Weapons
 H - a +6 battleaxe (weapon)
Armour
 c - a +1 plate armour (worn)
 m - the +0 cloak of Claustrophobia (worn) {Slay+2}
   (You acquired it in a bailey)

   Slay:      It affects your accuracy & damage with ranged weapons and melee
   (+2).
 A - a +0 kite shield
 D - a +0 pair of boots (worn)
 F - a +0 pair of gloves (worn)
Jewellery
 f - the amulet of the Air {Inacc Air Fly rElec RMsl}
   (You found it on level 9 of the Dungeon)

   [amulet of nothing]

   It reduces the accuracy of all your attacks.
   It enhances your air magic.
   rElec:     It insulates you from electricity.
   Fly:       It grants you flight.
   RMsl:      It protects you from missiles.
 k - the ring of Ironueti (left hand) {rPois Slay+4}
   (You took it off a centaur warrior on level 9 of the Dungeon)

   [ring of slaying]

   Slay:      It affects your accuracy & damage with ranged weapons and melee
   (+4).
   rPois:     It protects you from poison.
 p - the ring of Levity (right hand) {Fly rC+ Slay+2}
   (You took it off an efreet on level 9 of the Dungeon)

   [ring of flight]

   Slay:      It affects your accuracy & damage with ranged weapons and melee
   (+2).
   rC:        It protects you from cold.
   Fly:       It grants you flight.
 J - a ring of see invisible
 L - the amulet "Doelor" (around neck) {Reflect Regen+ Int+3 SH+5}
   (You acquired it in a bailey)

   [amulet of reflection]

   It reflects blocked missile attacks.
   Int:       It affects your intelligence (+3).
   Regen:     It increases your rate of health regeneration.
   SH:        It affects your SH (+5).
Wands
 r - a wand of roots (32)
 s - a wand of flame (24)
 t - a wand of light (10)
 x - a wand of polymorph (3)
Scrolls
 g - 5 scrolls of enchant armour
 i - 3 scrolls of poison
 j - 4 scrolls of magic mapping
 l - 2 scrolls of fog
 q - 5 scrolls of fear
 w - 5 scrolls of teleportation
 y - 3 scrolls of enchant weapon
 z - a scroll of blinking
 I - a scroll of silence
Potions
 a - a potion of degeneration {unknown}
 b - 7 potions of curing
 d - 2 potions of might
 e - 3 potions of heal wounds
 n - 2 potions of magic
 o - 2 potions of flight {unknown}
 v - 2 potions of haste
 E - a potion of invisibility
 G - 4 potions of mutation {unknown}


   Skills:
 + Level 10.5 Fighting
 + Level 8.2 Short Blades
 + Level 8.2 Long Blades
 + Level 9.4 Axes
 + Level 8.2 Maces & Flails
 + Level 8.2 Polearms
 + Level 8.2 Staves
 + Level 8.2 Ranged Weapons
 + Level 8.2 Throwing
 + Level 10.5 Armour
 + Level 8.2 Dodging
 + Level 8.2 Stealth
 + Level 10.5 Shields
 + Level 8.2 Unarmed Combat
 + Level 8.2 Spellcasting
 + Level 6.8 Conjurations
 + Level 9.2 Hexes
 + Level 6.8 Summonings
 + Level 6.8 Necromancy
 + Level 6.8 Translocations
 + Level 6.8 Transmutations
 + Level 6.8 Fire Magic
 + Level 6.8 Ice Magic
 + Level 6.8 Air Magic
 + Level 6.8 Earth Magic
 + Level 6.8 Poison Magic
 + Level 9.0 Invocations
 + Level 8.2 Evocations


You had 28 spell levels left.
You didn't know any spells.
Your spell library contained the following spells:

 Spells                   Type           Power      Damage    Failure   Level
 Beastly Appendage        Tmut           34%        N/A       14%         1
 Freeze                   Ice            68%        1d8       14%         1
 Ensorcelled Hibernation  Hex/Ice        40%        N/A       14%         2
 Passwall                 Tmut/Erth      14%        N/A       22%         2
 Wereblood                Tmut           17%        N/A       22%         2
 Inner Flame              Hex/Fire       20%        N/A       26%         3
 Frozen Ramparts          Ice            34%        1d6       41%         3
 Ozocubu's Armour         Ice            17%        N/A       41%         3
 Spider Form              Tmut/Pois      17%        N/A       41%         3
 Stone Arrow              Conj/Erth      34%        3d9       41%         3
 Swiftness                Air            17%        N/A       41%         3
 Cause Fear               Hex            11%        N/A       47%         4
 Animate Armour           Summ/Erth      34%        N/A       82%         4
 Hailstorm                Conj/Ice       17%        3d6       82%         4
 Conjure Ball Lightning   Conj/Air       8%         3x3d6     100%        6
 Ozocubu's Refrigeration  Ice            8%         4d9       100%        7
 Discord                  Hex            11%        N/A       100%        8
 Disjunction              Tloc           8%         N/A       100%        8
 Lehudib's Crystal Spear  Conj/Erth      8%         10d4      100%        8


Dungeon Overview and Level Annotations

Branches:
Dungeon (12/15)            Temple (1/1) D:4            Lair (0/5) D:11
    Orc (0/2) D:9          Bailey (visited)

Altars:
Ashenzari
Cheibriados
Dithmenos
Elyvilon
Fedhas
Gozag
Hepliaklqana
Kikubaaqudgha
Makhleb
Nemelex Xobeh
Okawaru
Qazlal
Ru
Sif Muna
Trog
Uskayaw
Vehumet
Wu Jian
Xom
Yredelemnul
Zin
The Shining One

Shops:
D:1 =   D:7 (


Innate Abilities, Weirdness & Mutations

You have very sharp teeth.
Your uncanny sense of smell can sniff out nearby items.
Your experience applies equally to all skills.


Message History

The hellwing swoops through the air toward you!
The hellwing hits you! The hellwing barely misses you.
The kobold is distracted by your dazzling golden aura.
The kobold demonologist mumbles some strange words.
The kobold demonologist hits you with a +0 dagger.
The rust devil hits you. The rust devil corrodes you!
The kobold shouts!
Your Invocations skill increases to level 9!
You barely miss the kobold demonologist.
You bite the kobold demonologist.
The kobold demonologist is heavily wounded.
You barely miss the hellwing. You slash the rust devil!
You barely miss the sun demon.
You hear an angry buzzing noise.
The kobold is no longer distracted by gold.
The sun demon hits you.
You are engulfed in flames!
The hellwing is distracted by your dazzling golden aura.
The kobold is distracted by your dazzling golden aura. x2
The kobold demonologist hits you but does no damage.
A vampire mosquito comes into view.
The kobold demonologist is distracted by your dazzling golden aura.
The sun demon completely misses you. You block the rust devil's attack.
The orange demon is distracted by your dazzling golden aura.
The hellwing gives a chilling moan.
The kobold shouts!
The orange demon screeches!
The kobold shouts!
The kobold demonologist shouts!
You slice the kobold demonologist!!
You kill the kobold demonologist!
The hellwing disappears in a puff of smoke!
You slash the rust devil! You slash the sun demon!
The vampire mosquito is distracted by your dazzling golden aura.
The kobold is distracted by your dazzling golden aura.
The sun demon hits you!
You are engulfed in flames!
The rust devil is distracted by your dazzling golden aura.
The rust devil screeches!
The kobold shouts!
The vampire mosquito buzzes angrily.
The sun demon hits you.
You are engulfed in flames!!
* * * LOW HITPOINT WARNING * * *
The sun demon hits you!
You die...
Your body crumbles into a pile of gold.

.........>#.............
..........#...##...##...
..........'...#######...
..........#...#.....'...
..........#...#.....#...
..........######....#...
.....T4ยง..# ###'##...
......3K..# ##...##...
......K@$.# #.........
....4KK...# #.........
.....K....# #.........
....K.....# #.........
..........# #.........
....y.$...# ##########
..........# ..........#


You could see a sun demon (summoned), an orange demon (summoned), a rust devil
(summoned), a kobold demonologist, a troll, a vampire mosquito, a kobold brigand
and 4 kobolds.

Vanquished Creatures
  An orc warlord (Bailey)
  A hydra (D:9)
  3 centaur warriors
  Erica (D:11)
  2 two-headed ogres
  The ghost of wingedge the Conjurer, a novice DgCj (D:8)
  A death yak (D:9)
  Urug (D:11)
  Sonja (D:11)
  Pikel (D:9)
  A swamp dragon (D:9)
  An ugly thing (D:11)
  Maurice (D:8)
  2 cyclopes
  2 kobold demonologists
  An unseen horror (D:11)
  An efreet (D:9)
  2 unseen horror zombies (D:8)
  2 komodo dragons
  4 trolls
  2 shadows
  A vampire (D:11)
  3 wyverns
  21 yaks
  A yak (shapeshifter) (D:9)
  An unseen horror simulacrum (D:9)
  3 vampire mosquitoes (D:12)
  A water moccasin (D:7)
  2 acid dragons
  2 black bears
  2 sky beasts
  4 ice beasts
  9 orc warriors
  2 ogres
  3 centaurs
  A wolf (D:9)
  2 lemures (D:9)
  Blork the orc (D:5)
  2 kobold brigands
  8 bullfrogs
  4 scorpions
  2 gnoll sergeants
  3 necrophages
  14 wights
  5 killer bees (D:9)
  An electric eel (D:9)
  4 howler monkeys
  2 hounds
  7 orc priests
  4 jellies
  3 gnoll boudas
  A human zombie (D:8)
  3 iguanas
  6 orc wizards
  6 mummies (D:8)
  12 gnolls
  12 adders
  2 shadow imps
  4 white imps
  A howler monkey simulacrum (D:9)
  3 ufetubi
  2 worms
  A dart slug (D:2)
  41 orcs
  4 bats
  3 bat zombies (D:6)
  8 endoplasms
  6 giant cockroaches
  15 goblins
  11 hobgoblins
  11 jackals
  3 quokkas
  6 ball pythons
  6 frilled lizards
  24 kobolds
  4 rats
  A rat zombie (D:6)
346 creatures vanquished.

Vanquished Creatures (collateral kills)
  A yak (D:9)
  A basilisk (D:9)
2 creatures vanquished.

Vanquished Creatures (others)
  An acid dragon (D:9)
  3 fungi (D:11)
  9 plants (D:11)
13 creatures vanquished.

Grand Total: 361 creatures vanquished

Notes
Turn   | Place    | Note
-------+----------+-------------------------------------------
     0 | D:1      | sanboga the Gnoll Fighter began the quest for the Orb.
     0 | D:1      | Reached XP level 1. HP: 23/23 MP: 1/1
   186 | D:1      | Reached XP level 2. HP: 28/29 MP: 2/2
   511 | D:1      | Found Selorch's Jewellery Shoppe.
   610 | D:1      | Found a faded altar of an unknown god.
   618 | D:1      | Reached XP level 3. HP: 35/35 MP: 3/3
   858 | D:1      | Reached skill level 1 in Invocations
   869 | D:2      | Reached skill level 1 in Short Blades
   869 | D:2      | Reached skill level 1 in Long Blades
   869 | D:2      | Reached skill level 1 in Maces & Flails
   869 | D:2      | Reached skill level 1 in Polearms
   869 | D:2      | Reached skill level 1 in Staves
   869 | D:2      | Reached skill level 1 in Ranged Weapons
   869 | D:2      | Reached skill level 1 in Throwing
   869 | D:2      | Reached skill level 1 in Dodging
   869 | D:2      | Reached skill level 1 in Stealth
   869 | D:2      | Reached skill level 1 in Unarmed Combat
   869 | D:2      | Reached skill level 1 in Spellcasting
   869 | D:2      | Reached skill level 1 in Evocations
   939 | D:2      | Reached XP level 4. HP: 33/41 MP: 5/5
  1152 | D:2      | Reached skill level 1 in Conjurations
  1152 | D:2      | Reached skill level 1 in Hexes
  1152 | D:2      | Reached skill level 1 in Summonings
  1152 | D:2      | Reached skill level 1 in Necromancy
  1152 | D:2      | Reached skill level 1 in Translocations
  1152 | D:2      | Reached skill level 1 in Transmutations
  1152 | D:2      | Reached skill level 1 in Fire Magic
  1152 | D:2      | Reached skill level 1 in Ice Magic
  1152 | D:2      | Reached skill level 1 in Air Magic
  1152 | D:2      | Reached skill level 1 in Earth Magic
  1152 | D:2      | Reached skill level 1 in Poison Magic
  1492 | D:3      | Reached XP level 5. HP: 29/47 MP: 5/7
  2497 | D:4      | Found a staircase to the Ecumenical Temple.
  2520 | Temple   | Entered the Ecumenical Temple
  2595 | Temple   | Became a worshipper of Gozag Ym Sagoz the Greedy
  3489 | D:5      | Entered Level 5 of the Dungeon
  3490 | D:5      | Noticed an ice beast
  3513 | D:5      | Killed an ice beast
  3514 | D:5      | Reached skill level 5 in Axes
  3514 | D:5      | Reached XP level 6. HP: 53/53 MP: 7/9
  3577 | D:5      | Noticed Blork the orc
  3581 | D:5      | Noticed a black bear
  3589 | D:5      | Noticed an ice beast
  3591 | D:5      | Killed a black bear
  3591 | D:5      | Killed Blork the orc
  3592 | D:5      | Reached XP level 7. HP: 47/60 MP: 10/10
  3616 | D:5      | Reached XP level 8. HP: 17/67 MP: 12/12
  4134 | D:5      | Identified the +6 hand axe "Ofucwo" {vorpal, Str+3}
  4354 | D:6      | Found a shadowy altar of Dithmenos.
  5019 | D:6      | Noticed a yak
  5695 | D:6      | Killed a yak
  5696 | D:6      | Reached XP level 9. HP: 55/73 MP: 13/15
  6396 | D:6      | Found an ancient bone altar of Kikubaaqudgha.
  7141 | D:7      | Reached skill level 5 in Invocations
  8010 | D:8      | Noticed Maurice
  8055 | D:8      | Killed Maurice
  8076 | D:8      | Found a flagged portal.
  8084 | Bailey   | Entered a bailey
  8127 | Bailey   | Noticed an orc warlord
  8166 | Bailey   | Reached skill level 5 in Short Blades
  8166 | Bailey   | Reached skill level 5 in Long Blades
  8166 | Bailey   | Reached skill level 5 in Maces & Flails
  8166 | Bailey   | Reached skill level 5 in Polearms
  8166 | Bailey   | Reached skill level 5 in Staves
  8166 | Bailey   | Reached skill level 5 in Ranged Weapons
  8166 | Bailey   | Reached skill level 5 in Throwing
  8166 | Bailey   | Reached skill level 5 in Dodging
  8166 | Bailey   | Reached skill level 5 in Stealth
  8166 | Bailey   | Reached skill level 5 in Unarmed Combat
  8166 | Bailey   | Reached skill level 5 in Spellcasting
  8166 | Bailey   | Reached skill level 5 in Evocations
  8176 | Bailey   | Reached XP level 10. HP: 29/81 MP: 17/17
  8372 | Bailey   | Reached skill level 5 in Hexes
  8964 | Bailey   | Found a runed translucent gate.
  8968 | Bailey   | Found a runed translucent gate.
  8970 | Bailey   | Found a runed translucent gate.
  9042 | Bailey   | Killed an orc warlord
  9106 | Bailey   | Acquired the ring "Ebronk" {EV+4 Int+2}
  9110 | Bailey   | Acquired the amulet "Doelor" {Reflect Regen+ Int+3 SH+5}
  9117 | Bailey   | Acquired 601 gold pieces
  9119 | Bailey   | Acquired the +0 cloak of Claustrophobia {Slay+2}
  9382 | D:8      | Noticed a cyclops
  9394 | D:8      | Killed a cyclops
  9637 | D:8      | Found a basalt altar of Yredelemnul.
  9761 | D:8      | Noticed wingedge's ghost (novice DgCj)
  9773 | D:8      | Found a transporter.
  9777 | D:8      | Found a transporter.
  9808 | D:8      | Noticed a centaur warrior
  9978 | D:8      | Reached skill level 5 in Conjurations
  9978 | D:8      | Reached skill level 5 in Summonings
  9978 | D:8      | Reached skill level 5 in Necromancy
  9978 | D:8      | Reached skill level 5 in Translocations
  9978 | D:8      | Reached skill level 5 in Transmutations
  9978 | D:8      | Reached skill level 5 in Fire Magic
  9978 | D:8      | Reached skill level 5 in Ice Magic
  9978 | D:8      | Reached skill level 5 in Air Magic
  9978 | D:8      | Reached skill level 5 in Earth Magic
  9978 | D:8      | Reached skill level 5 in Poison Magic
  9982 | D:8      | Reached XP level 11. HP: 75/89 MP: 20/20
 10096 | D:8      | Killed a centaur warrior
 10117 | D:8      | Killed wingedge's ghost
 10221 | D:9      | Noticed a centaur warrior
 10226 | D:9      | Identified the ring of Levity {Fly rC+ Slay+2}
 10232 | D:9      | Killed a centaur warrior
 10402 | D:9      | Found the amulet of the Air {Inacc Air Fly rElec RMsl}
 10410 | D:9      | Noticed an eight-headed hydra
 10411 | D:9      | Noticed a four-headed hydra
 10559 | D:9      | Found a staircase to the Orcish Mines.
 10613 | D:9      | Noticed a swamp dragon
 10613 | D:9      | a five-headed hydra changed into a swamp dragon
 10623 | D:9      | Killed a swamp dragon
 10722 | D:9      | Noticed a death yak
 10804 | D:9      | Noticed Pikel
 10824 | D:9      | Killed Pikel
 10899 | D:9      | Reached XP level 12. HP: 94/97 MP: 22/22
 10908 | D:9      | Killed a death yak
 11020 | D:9      | Identified the ring of Ironueti {rPois Slay+4}
 11020 | D:9      | Noticed a centaur warrior
 11029 | D:9      | Killed a centaur warrior
 11200 | D:9      | Killed a 12-headed hydra
 11432 | D:9      | Reached skill level 10 in Fighting
 11432 | D:9      | Reached skill level 10 in Armour
 11432 | D:9      | Reached skill level 10 in Shields
 11603 | D:10     | Entered Level 10 of the Dungeon
 11900 | D:10     | Noticed a two-headed ogre
 11906 | D:10     | Killed a two-headed ogre
 12192 | D:10     | Bought a scroll of blinking for 135 gold pieces
 12192 | D:10     | Bought a scroll of teleportation for 54 gold pieces
 12192 | D:10     | Bought a scroll of magic mapping for 135 gold pieces
 12192 | D:10     | Bought a scroll of acquirement for 936 gold pieces
 12192 | D:10     | Bought a scroll of enchant armour for 135 gold pieces
 12192 | D:10     | Bought a scroll of silence for 171 gold pieces
 12192 | D:10     | Bought a scroll of fear for 72 gold pieces
 12192 | D:10     | Bought a scroll of identify for 36 gold pieces
 12192 | D:10     | Bought a scroll of identify for 36 gold pieces
 12192 | D:10     | Bought a scroll of magic mapping for 135 gold pieces
 12193 | D:10     | Acquired 786 gold pieces
 12411 | D:11     | Noticed Erica
 12428 | D:11     | Killed Erica
 12563 | D:11     | Noticed a two-headed ogre
 12570 | D:11     | Killed a two-headed ogre
 12591 | D:11     | Found a staircase to the Lair.
 12781 | D:11     | Noticed Sonja
 12787 | D:11     | Killed Sonja
 12900 | D:11     | Noticed Urug
 12910 | D:11     | Killed Urug
 12911 | D:11     | Reached XP level 13. HP: 38/104 MP: 25/25
 13132 | D:12     | Slain by a sun demon

Illustrated notes

Levels and vault maps discovered:
D:1:      dpeg_arrival_stone_temple_mockup, layout_basic,
          ebering_ecumenical_altar_sacrificial, serial_shops,
          nicolae_shop_competitors_out_of_business, minmay_misc_feat_chi
D:2:      layout_rooms, nrook_campfire
D:3:      layout_basic, minmay_misc_feat_plants, minmay_parallelograms
D:4:      layout_layer_cave, temple_statues, nrook_mini_vaults
D:5:      layout_cave_pools, grunt_decor_cap, minmay_starry_boxes,
          uniq_blork_the_orc
D:6:      layout_loops_corners, lemuel_zombie_altar_kikubaaqudgha,
          mainiacjoe_overflow_surrounded_room, minmay_manual_moon
D:7:      layout_basic
D:8:      layout_rooms, lemuel_mausoleum_altar_yredelemnul, nzn_ghost_randoct,
          enter_bailey_3, uniq_maurice
D:9:      minmay_the_grid_triangle_9x9_recursive_2_mashed
          [minmay_the_grid_triangle_9x9_prize_schism,
          minmay_the_grid_triangle_9x9_minimal,
          minmay_the_grid_triangle_9x9_pentomino_pain,
          minmay_the_grid_triangle_9x9_from_above], layout_long_grid,
          orc_0_dummy, serial_ice, serial_ice_c, serial_ice_k, serial_ice_f,
          serial_ice_m, serial_ice_e, uniq_pikel
D:10:     layout_basic
D:11:     layout_roguey, grunt_lair_entry_orc_guard_hut, uniq_sonja, uniq_erica,
          uniq_urug
D:12:     layout_gridville
Temple:   nicolae_temple_bog_church

Skill      XL: |  1  2  3  4  5  6  7  8  9 10 11 12 13 |
---------------+----------------------------------------+-----
Invocations    | 1 2 3 4 5 6 7 8 9 |  9.0
Short Blades   | 1 2 3 4 5 6 7 8 |  8.2
Long Blades    | 1 2 3 4 5 6 7 8 |  8.2
Maces & Flails | 1 2 3 4 5 6 7 8 |  8.2
Polearms       | 1 2 3 4 5 6 7 8 |  8.2
Staves         | 1 2 3 4 5 6 7 8 |  8.2
Ranged Weapons | 1 2 3 4 5 6 7 8 |  8.2
Throwing       | 1 2 3 4 5 6 7 8 |  8.2
Dodging        | 1 2 3 4 5 6 7 8 |  8.2
Stealth        | 1 2 3 4 5 6 7 8 |  8.2
Unarmed Combat | 1 2 3 4 5 6 7 8 |  8.2
Spellcasting   | 1 2 3 4 5 6 7 8 |  8.2
Evocations     | 1 2 3 4 5 6 7 8 |  8.2
Conjurations   | 1 2 3 4 5 6 |  6.8
Hexes          | 1 2 3 4 6 7 9 |  9.2
Summonings     | 1 2 3 4 5 6 |  6.8
Necromancy     | 1 2 3 4 5 6 |  6.8
Translocations | 1 2 3 4 5 6 |  6.8
Transmutations | 1 2 3 4 5 6 |  6.8
Fire Magic     | 1 2 3 4 5 6 |  6.8
Ice Magic      | 1 2 3 4 5 6 |  6.8
Air Magic      | 1 2 3 4 5 6 |  6.8
Earth Magic    | 1 2 3 4 5 6 |  6.8
Poison Magic   | 1 2 3 4 5 6 |  6.8
Axes           | 5 6 7 8 9 |  9.4
Fighting       | 7 8 9 10 | 10.5
Armour         | 7 8 9 10 | 10.5
Shields        | 7 8 9 10 | 10.5

Action                   |  1- 3 |  4- 6 |  7- 9 | 10-12 | 13-15 || total
-------------------------+-------+-------+-------+-------+-------++-------
Melee: War axe           |    70 |   144 |    21 |   143 |       ||   378
       Bite              |     5 |    12 |    39 |    71 |     1 ||   128
       Battleaxe         |       |       |   272 |   341 |    10 ||   623
       Punch             |       |       |       |     6 |       ||     6
Invok: Call Merchant     |       |       |     1 |     1 |       ||     2
       Potion Petition   |       |       |       |     1 |       ||     1
Evoke: Wand              |       |       |       |    19 |       ||    19
  Use: Scroll            |       |     9 |     8 |    16 |       ||    33
       Potion            |       |     1 |     2 |     6 |       ||     9
 Stab: Distracted        |       |       |     3 |     2 |       ||     5
Armor: Scale mail        |    42 |    77 |    14 |       |       ||   133
       Plate armour      |       |       |   235 |   402 |    11 ||   648
Dodge: Dodged            |    35 |    55 |   142 |   348 |     6 ||   586
Block: Buckler           |    30 |    33 |    10 |       |       ||    73
       Other             |       |       |       |   142 |     5 ||   147
       Reflection        |       |       |       |     1 |     1 ||     2
